 Dungeon Sprint DCSS version 0.19-a0-188-ga21aea4 (webtiles) character file.

1928 Kidiri the Cleaver (level 9, -2/86 HPs)
             Began as a Hill Orc Fighter on May 23, 2016.
             Was the Champion of Beogh.
             Slain by a fire elemental (12 damage)
             ... in the Dungeon (Sprint V: "Ziggurat Sprint").
             The game lasted 00:04:02 (671 turns).

Kidiri the Cleaver (Hill Orc Fighter)                Turns: 671, Time: 00:04:02

Health: -2/86      AC: 31    Str: 28    XL:     9   Next: 17%
Magic:  14/14      EV: 12    Int:  8    God:    Beogh [******]
Gold:   0          SH:  0    Dex: 16    Spells: 0 memorised, 8 levels left

rFire  . . .     SeeInvis .     L - +8 frozen axe "Frostbite" {freezing cloud, *Noise +Fly rC+}
rCold  + . .     Gourm    .     m - +15 Maxwell's patent armour {-Cast -Tele rElec MR+ rCorr}
rNeg   . . .     Faith    .     (shield currently unavailable)
rPois  .         Spirit   .     (no helmet)
rElec  +         Dismiss  .     (no cloak)
rCorr  +         Reflect  .     (no gloves)
SustAt .         Harm     .     (no boots)
MR     +....     NoTele   +     J - amulet of rage
Stlth  .......... NoCast   +    a - +6 ring of dexterity
                                p - +6 ring of strength

@: somewhat resistant to hostile enchantments, extremely unstealthy
A: walk on water
a: Smiting, Recall Orcish Followers, Give Item to Named Follower, Resurrection,
Renounce Religion, Evoke Berserk Rage, Evoke Flight


You were in the Dungeon.
You worshipped Beogh.
Beogh was exalted by your worship.
You were not hungry.

You visited 1 branch

Inventory:

Hand Weapons
 l - the +14 obsidian axe {chop, +Fly Str+3 SInv *Curse}
   (You found it in the Dungeon)

   It inflicts extra damage upon your enemies.
   It affects your strength (+3).
   It lets you see invisible.
   It lets you fly.
   It may re-curse itself when equipped.
 L - the +8 frozen axe "Frostbite" (weapon) {freezing cloud, *Noise +Fly rC+}
   (You found it in the Dungeon)

   It has been specially enchanted to freeze those struck by it, causing extra
   injury to most foes and up to half again as much damage against particularly
   susceptible opponents.
   It can also slow down cold-blooded creatures.
   It protects you from cold.
   It lets you fly.
   It may make noises in combat.
Armour
 m - the +15 Maxwell's patent armour (worn) {-Cast -Tele rElec MR+ rCorr}
   (You found it in the Dungeon)

   It insulates you from electricity.
   It affects your resistance to hostile enchantments.
   It prevents spellcasting.
   It prevents most forms of teleportation.
   It protects you from acid and corrosion.
 n - the +18 shield of the Gong {rElec rN+ MR+ EV-5}
   (You found it in the Dungeon)

   It affects your evasion (-5).
   It insulates you from electricity.
   It protects you from negative energy.
   It affects your resistance to hostile enchantments.
Jewellery
 a - a +6 ring of dexterity (right hand)
 b - a +6 ring of dexterity
 c - a +6 ring of intelligence
 o - a +6 ring of intelligence
 p - a +6 ring of strength (left hand)
 q - a +6 ring of strength
 J - an amulet of rage (around neck)
Wands
 r - a wand of disintegration (7/24)
 s - a wand of iceblast (5/15)
 t - a wand of lightning (5/15)
 u - a wand of acid (5/15)
Scrolls
 k - 4 scrolls of blinking
 y - 4 scrolls of amnesia
 B - 3 scrolls of recharging
 C - 7 scrolls of fog
 D - a scroll of holy word
 E - 5 scrolls of identify
 F - 4 scrolls of remove curse
 G - 2 scrolls of fear
Potions
 d - 6 potions of might
 e - 10 potions of curing
 g - 9 potions of heal wounds
 h - 6 potions of haste
 i - 7 potions of magic
 j - 3 potions of berserk rage
 v - 2 potions of brilliance
 w - 2 potions of invisibility
 x - 4 potions of resistance
 A - 6 potions of agility
Miscellaneous
 z - a legendary deck of summoning
 K - a plain deck of destruction
Comestibles
 f - 5 bread rations
 H - 42 fruits
 I - 4 meat rations


   Skills:
 * Level 10.6 Fighting
 * Level 11.0 Axes
 * Level 9.6 Armour
 * Level 6.9 Dodging
 * Level 9.7 Shields
 + Level 7.6 Invocations
 + Level 5.8 Evocations


You had 8 spell levels left.
You didn't know any spells.

Dungeon Overview and Level Annotations

Branches:
Dungeon (1/1)

Altars:
Ashenzari
Cheibriados
Dithmenos
Elyvilon
Fedhas
Gozag
Kikubaaqudgha
Makhleb
Nemelex Xobeh
Okawaru
Pakellas
Qazlal
Ru
Sif Muna
Trog
Vehumet
Xom
Yredelemnul
Zin
The Shining One
Beogh
Jiyva
Lugonu


Message History

The fire elemental is moderately damaged.
You slash the hell hog! You freeze the hell hog.
The hell hog is moderately wounded.
You slice the hell hog!! You freeze the hell hog.
The hell hog is moderately wounded.
You hit the hell hog. You freeze the hell hog.
The hell hog is lightly wounded.
You completely miss the fire elemental.
The fire elemental is lightly damaged.
The hell hog closely misses you. The fire elemental hits you.
The hell hog bites you!
* * * LOW HITPOINT WARNING * * *
The fire elemental hits you. The fire elemental burns you!
* * * LOW HITPOINT WARNING * * *
The hell hog barely misses you. The fire elemental hits you.
The fire elemental burns you!
* * * LOW HITPOINT WARNING * * *
The hell hog closely misses you. The fire elemental hits you.
The fire elemental burns you!
You die...

▓........▓........▓
▓▓▓▓▓▓▓▓▓▓▓▓▓▓▓▓▓▓▓
▓...8©8...▓..8©8..▓
▓..))))...▓..)|o..▓
▓...)|[...▓..)oo..▓
▓.........▓.......▓
▓...§h§...▓.......▓
▓...EEE...▓...)...▓
▓...h@h...▓.......▓
▓.▓.h...▓.▓.▓...▓.▓
▓.........▓.......▓
▓▓▓▓▓▓▓▓▓▓▓▓▓▓▓▓▓▓▓
▓..8©8..▓ ▓..|)...▓
▓..|)[..▓ ▓.......▓
▓.......▓


You could see 4 hell hogs and 3 fire elementals.

Vanquished Creatures
  A wolf spider (D)
  4 tarantellas (D)
  A flying skull (D)
  2 hell hounds (D)
  An orc warrior (D)
  4 scorpions (D)
  An orc priest (D)
  2 iron imps (D)
  3 mummies (D)
  A shadow imp (D)
  A white imp (D)
  An orc (D)
22 creatures vanquished.

Vanquished Creatures (collateral kills)
  A fire elemental (D)
  2 orc priests (D)
  2 fire vortices (D)
5 creatures vanquished.

Grand Total: 27 creatures vanquished

Notes
Turn   | Place    | Note
--------------------------------------------------------------
     0 | D        | Kidiri the Hill Orc Fighter began the quest for the Orb.
     0 | D        | Reached XP level 1. HP: 19/19 MP: 1/1
     0 | D        | Found a viscous altar of Jiyva.
     0 | D        | Found a roughly hewn altar of Beogh.
     0 | D        | Found a corrupted altar of Lugonu.
     0 | D        | Found a white marble altar of Elyvilon.
     0 | D        | Found a sparkling altar of Nemelex Xobeh.
     2 | D        | Found a burning altar of Makhleb.
     2 | D        | Found a deep blue altar of Sif Muna.
     2 | D        | Found an iron altar of Okawaru.
     2 | D        | Found a bloodstained altar of Trog.
     2 | D        | Found a radiant altar of Vehumet.
     2 | D        | Found a shimmering altar of Xom.
    54 | D        | Became a worshipper of Beogh the Brigand
    69 | D        | Reached skill level 5 in Fighting
    69 | D        | Reached skill level 4 in Axes
    69 | D        | Reached skill level 1 in Evocations
    69 | D        | Reached XP level 2. HP: 29/29 MP: 1/3
   102 | D        | Entered arena 1.
   105 | D        | Reached skill level 5 in Axes
   105 | D        | Reached skill level 5 in Armour
   105 | D        | Reached XP level 3. HP: 20/36 MP: 3/5
   106 | D        | Reached * piety under Beogh
   236 | D        | Entered arena 2.
   236 | D        | Noticed a scorpion
   236 | D        | Noticed a tarantella
   236 | D        | Noticed a scorpion
   240 | D        | Killed a scorpion
   240 | D        | Reached skill level 5 in Shields
   240 | D        | Reached XP level 4. HP: 44/44 MP: 6/6
   240 | D        | Killed a tarantella
   240 | D        | Reached skill level 7 in Axes
   240 | D        | Reached XP level 5. HP: 52/52 MP: 6/8
   240 | D        | Reached XP level 6. HP: 60/60 MP: 6/9
   241 | D        | Reached ** piety under Beogh
   267 | D        | Entered arena 3.
   271 | D        | Reached skill level 8 in Axes
   271 | D        | Reached skill level 5 in Invocations
   271 | D        | Reached *** piety under Beogh
   308 | D        | Entered arena 4.
   308 | D        | Noticed a flying skull
   314 | D        | Reached **** piety under Beogh
   317 | D        | Killed a flying skull
   317 | D        | Reached skill level 5 in Dodging
   317 | D        | Reached XP level 7. HP: 65/69 MP: 9/11
   358 | D        | Entered arena 5.
   358 | D        | Noticed a fire elemental
   362 | D        | Killed a fire elemental
   362 | D        | Reached skill level 9 in Axes
   366 | D        | Reached XP level 8. HP: 40/78 MP: 12/12
   527 | D        | Entered arena 6.
   527 | D        | Reached ***** piety under Beogh
   596 | D        | Entered arena 7.
   596 | D        | Noticed a wolf spider
   596 | D        | Noticed a tarantella
   596 | D        | Noticed a tarantella
   596 | D        | Noticed a tarantella
   600 | D        | Killed a tarantella
   600 | D        | Reached skill level 10 in Axes
   600 | D        | Reached skill level 5 in Evocations
   601 | D        | Noticed an ice devil
   602 | D        | Killed a wolf spider
   602 | D        | Reached skill level 10 in Fighting
   602 | D        | Killed a tarantella
   602 | D        | Reached XP level 9. HP: 82/86 MP: 12/14
   603 | D        | Reached skill level 11 in Axes
   603 | D        | Reached ****** piety under Beogh
   666 | D        | Entered arena 8.
   666 | D        | Noticed a hell hog
   666 | D        | Noticed a hell hog
   666 | D        | Noticed a hell hog
   666 | D        | Noticed a hell hog
   671 | D        | Slain by a fire elemental

Vault maps used:
D:        sprint_v

Skill      XL: |  1  2  3  4  5  6  7  8  9 |
---------------+----------------------------+-----
Fighting       | 5 6 7 8 9 10 | 10.6
Axes           | 4 5 7 8 9 10 11 | 11.0
Armour         | 4 5 6 7 8 9 |  9.6
Dodging        | 2 3 4 5 6 |  6.9
Shields        | 4 5 6 7 8 9 |  9.7
Invocations    | 2 3 4 5 6 7 |  7.6
Evocations     | 1 2 3 4 5 |  5.8

Action                   |  1- 3 |  4- 6 |  7- 9 || total
-------------------------+-------+-------+-------++-------
Melee: Broad axe         |     6 |    11 |    21 ||    38
       Executioner's axe |       |       |     2 ||     2
Invok: Smiting           |       |       |     1 ||     1
  Use: Potion            |     1 |       |     1 ||     2
       Scroll            |       |       |     1 ||     1
Armor: Plate armour      |     3 |     1 |    24 ||    28
Dodge: Dodged            |       |     2 |    11 ||    13
Block: Shield            |    10 |    14 |    31 ||    55
